 Dungeon Crawl Stone Soup version 0.19.5 (webtiles) character file.

13175 Azzok the Fighter (level 11, -6/104 HPs)
             Began as a Minotaur Fighter on July 7, 2017.
             Was a High Priest of Okawaru.
             Mangled by a seven-headed hydra (11 damage)
             ... on level 1 of the Lair of Beasts.
             The game lasted 00:28:18 (13853 turns).

Azzok the Fighter (Minotaur Fighter)               Turns: 13853, Time: 00:28:19

Health: -6/104     AC: 16    Str: 25    XL:     11   Next: 72%
Magic:  16/18      EV:  7    Int:  5    God:    Okawaru [*****.]
Gold:   766        SH: 11    Dex: 10    Spells: 0 memorised, 10 levels left

rFire  + . .     SeeInvis +     a - +1 whip of Tanlosche {flame, rC+ Str+4 Dex-3}
rCold  + . .     Gourm    .     q - +0 plate armour
rNeg   . . .     Faith    .     c - +0 shield
rPois  .         Spirit   .     (helmet restricted)
rElec  .         Reflect  .     I - +0 cloak
rCorr  .         Harm     .     (no gloves)
MR     .....                    A - +0 pair of boots
Stlth  ..........               (no amulet)
                                O - ring of see invisible
                                E - ring of protection from fire

@: heroism, drained
A: retaliatory headbutt, horns 2, mutation resistance 1
a: Heroism, Finesse, Renounce Religion


You were on level 1 of the Lair of Beasts.
You worshipped Okawaru.
Okawaru was extremely pleased with you.
You were hungry.

You visited 2 branches of the dungeon, and saw 12 of its levels.
You also visited: Ossuary.

You collected 766 gold pieces.

Inventory:

Hand Weapons
 a - the +1 whip of Tanlosche (weapon) {flame, rC+ Str+4 Dex-3}
   (You found it on level 8 of the Dungeon)

   It has been specially enchanted to burn those struck by it, causing extra
   injury to most foes and up to half again as much damage against particularly
   susceptible opponents.
   It affects your strength (+4).
   It affects your dexterity (-3).
   It protects you from cold.
 b - a +1 hand axe of venom
 p - a cursed -3 shortbow
Missiles
 o - 324 arrows
Armour
 c - a +0 shield (worn)
 q - a +0 plate armour (worn)
 A - a +0 pair of boots (worn)
 I - a +0 cloak (worn)
Jewellery
 l - an uncursed ring of ice
 B - an uncursed ring of flight
 E - a ring of protection from fire (left hand)
 O - a ring of see invisible (right hand)
Wands
 y - a wand of disintegration (3/24)
 V - a wand of disintegration (9/24)
 X - a wand of lightning (8/15)
Scrolls
 e - 6 scrolls of fear
 g - 4 scrolls of enchant weapon
 k - a scroll of torment
 s - 3 scrolls of recharging
 t - 4 scrolls of amnesia
 C - 2 scrolls of magic mapping {unknown}
 D - 6 scrolls of teleportation
 J - a scroll of fog {unknown}
 K - 2 scrolls of noise {unknown}
 M - 8 scrolls of remove curse
 S - a scroll of summoning {unknown}
 W - a scroll of blinking {unknown}
Potions
 i - 10 potions of curing {unknown}
 j - 2 potions of resistance {unknown}
 n - 5 potions of degeneration {unknown}
 u - 3 potions of flight {unknown}
 v - 2 potions of haste {unknown}
 w - a potion of ambrosia {unknown}
 x - a potion of berserk rage {unknown}
 z - 3 potions of lignification {unknown}
 G - 2 potions of agility {unknown}
 H - 3 potions of brilliance {unknown}
 L - 2 potions of heal wounds {unknown}
 N - 2 potions of mutation {unknown}
 P - a potion of might
 R - a potion of cure mutation {unknown}
Books
 U - a book of Maledictions

   Spells                             Type                      Level
   a - Corona                         Hexes                        1
   b - Ensorcelled Hibernation        Hexes/Ice                    2
   c - Confuse                        Hexes                        3
   d - Tukima's Dance                 Hexes                        3
   e - Dazzling Spray                 Conjuration/Hexes            3
 Y - a book of Cantrips

   Spells                             Type                      Level
   a - Confusing Touch                Hexes                        1
   b - Animate Skeleton               Necromancy                   1
   c - Summon Small Mammal            Summoning                    1
   d - Apportation                    Translocation                1
Comestibles
 f - 6 bread rations {@e1}
 h - 8 fruits
 m - 5 slices of pizza
 r - 2 meat rations {@e2}
 F - 8 beef jerkies
 Q - 10 royal jellies


   Skills:
 - Level 12.0(16.6) Fighting
   Level 2.4(7.1) Long Blades
 + Level 12.0(16.6) Bows
 - Level 3.6(8.3) Armour
 - Level 3.6(8.3) Shields
 + Level 11.6(11.3) Invocations


You had 10 spell levels left.
You didn't know any spells.

Dungeon Overview and Level Annotations

Branches:
Dungeon (11/15)            Temple (0/1) D:4            Lair (1/6) D:11
    Orc (0/2) D:11

Altars:
Cheibriados
Dithmenos
Gozag
Kikubaaqudgha
Makhleb
Okawaru
Qazlal
Trog
Xom
Yredelemnul
Zin


Innate Abilities, Weirdness & Mutations

You reflexively headbutt those who attack you in melee.
You have a pair of horns on your head.
You are somewhat resistant to further mutation.


Message History

The seven-headed hydra bites you!
* * * LOW HITPOINT WARNING * * *
The seven-headed hydra closely misses you.
The seven-headed hydra bites you but does no damage.
The seven-headed hydra bites you.
* * * LOW HITPOINT WARNING * * *
The seven-headed hydra bites you.
* * * LOW HITPOINT WARNING * * *
You block the seven-headed hydra's attack.
You take 18 damage, and have 12/104 hp.
You hit the seven-headed hydra. You burn the seven-headed hydra.
The seven-headed hydra is heavily wounded.
The seven-headed hydra closely misses you.
The seven-headed hydra bites you!
* * * LOW HITPOINT WARNING * * *
The seven-headed hydra bites you but does no damage.
You block the seven-headed hydra's attack.
The seven-headed hydra bites you but does no damage. x2
The seven-headed hydra bites you!
You die...

▒································
▒·······························▒
▒·······························▒
▒·························(······
▒··········)····················
▒······························
▒·····························
················D·······
················@·······
························
························
························
···▒÷▒▒▒▒·▒▒▒▒······▒▒▒▒
···▒▒··▒··▒▒▒·······▒
···▒▒·······▒··········
···▒▒··············▒▒···
···▒▒······>▒······▒ ···


You could see a seven-headed hydra.

Vanquished Creatures
  The ghost of Azzok the Commander, a journeyman MiFi of Okawaru (D:10)
  2 hill giants
  A cyclops (D:11)
  An elephant (D:11)
  A gargoyle (D:11)
  2 hornets (D:9)
  5 hippogriffs
  Sigmund (D:2)
  7 yaks
  A wyvern (D:8)
  2 hungry ghosts
  A steam dragon (D:10)
  A soldier ant (D:10)
  3 water moccasins
  6 sky beasts
  3 porcupines (Lair:1)
  3 orc warriors
  2 phantoms
  4 ice beasts
  A hornet zombie (D:8)
  9 ogres
  6 centaurs
  3 crocodiles
  A big kobold (D:8)
  3 elf zombies
  Blork the orc (D:4)
  4 bullfrogs
  A wyvern zombie (D:8)
  2 elf skeletons (D:7)
  2 wyvern skeletons
  2 scorpions
  4 killer bees (D:9)
  4 wights (D:8)
  4 howler monkeys
  5 crimson imps
  A bullfrog zombie (D:7)
  6 centaur zombies
  3 jellies
  A quasit (D:4)
  8 hounds
  2 human zombies
  7 orc priests
  3 centaur skeletons
  3 iguanas
  A human skeleton (D:7)
  6 orc wizards
  5 hell rats (Lair:1)
  12 worker ants
  An ogre zombie (Ossuary)
  A hound zombie (D:7)
  2 hound skeletons
  7 mummies (Ossuary)
  A worker ant zombie (D:9)
  11 gnolls
  12 adders
  3 river rats (Lair:1)
  3 adder zombies (Ossuary)
  An adder skeleton (D:4)
  3 worms
  2 dart slugs
  7 leopard geckos
  39 orcs
  6 bats
  6 giant cockroaches
  8 goblins
  8 hobgoblins
  6 jackals
  4 quokkas
  9 frilled lizards
  A giant cockroach zombie (D:5)
  2 gnoll zombies (Ossuary)
  8 hobgoblin zombies (Ossuary)
  16 kobolds
  A kobold zombie (Ossuary)
  An orc zombie (D:7)
  2 quokka skeletons
  5 quokka zombies
  16 rats
  4 rat zombies (Ossuary)
353 creatures vanquished.

Vanquished Creatures (others)
  An orc wizard (D:4)
  3 fungi (Lair:1)
4 creatures vanquished.

Grand Total: 357 creatures vanquished

Notes
Turn   | Place    | Note
-------+----------+-------------------------------------------
     0 | D:1      | Azzok the Minotaur Fighter began the quest for the Orb.
     0 | D:1      | Reached XP level 1. HP: 19/19 MP: 0/0
   356 | D:1      | Reached XP level 2. HP: 27/27 MP: 1/1
   830 | D:1      | Reached skill level 5 in Fighting
  1051 | D:1      | Reached XP level 3. HP: 33/36 MP: 2/2
  1734 | D:2      | Noticed Sigmund
  1749 | D:2      | Killed Sigmund
  1749 | D:2      | Reached XP level 4. HP: 44/48 MP: 3/3
  1749 | D:2      | Reached XP level 5. HP: 48/53 MP: 4/4
  2365 | D:3      | Reached XP level 6. HP: 61/61 MP: 5/5
  2459 | D:3      | Found a burning altar of Makhleb.
  3071 | D:4      | Noticed Blork the orc
  3083 | D:4      | Killed Blork the orc
  3092 | D:4      | Found an opulent altar of Gozag.
  3312 | D:4      | Found an iron altar of Okawaru.
  3337 | D:4      | Became a worshipper of Warmaster Okawaru
  3514 | D:4      | Reached XP level 7. HP: 61/70 MP: 6/6
  3665 | D:4      | Reached skill level 10 in Fighting
  3990 | D:4      | Found a staircase to the Ecumenical Temple.
  4112 | D:5      | Entered Level 5 of the Dungeon
  4122 | D:5      | Reached * piety under Okawaru
  4145 | D:5      | Gained mutation: You are somewhat resistant to further mutation. [mutagenic meat]
  4151 | D:5      | Found a bloodstained altar of Trog.
  4152 | D:5      | Found a snail-covered altar of Cheibriados.
  4154 | D:5      | Found a glowing silver altar of Zin.
  4219 | D:5      | Found an iron altar of Okawaru.
  4245 | D:5      | Found a shimmering altar of Xom.
  4379 | D:5      | Reached skill level 1 in Invocations
  4584 | D:5      | Reached XP level 8. HP: 82/82 MP: 6/8
  4923 | D:5      | Reached ** piety under Okawaru
  5090 | D:6      | Got a warped glass ring
  5091 | D:6      | Identified the cursed ring "Jiblafra" {AC-2 Int+6 Dex+6} (You found it on level 6 of the Dungeon)
  5106 | D:6      | Reached skill level 1 in Bows
  5883 | D:7      | Found a sand-covered staircase.
  5896 | Ossuary  | Entered an ossuary
  6025 | Ossuary  | Reached XP level 9. HP: 83/90 MP: 11/11
  6116 | Ossuary  | Reached skill level 5 in Invocations
  6592 | D:7      | Reached *** piety under Okawaru
  6592 | D:7      | Reached skill level 5 in Bows
  7547 | D:8      | Found a basalt altar of Yredelemnul.
  7699 | D:8      | Reached **** piety under Okawaru
  7884 | D:8      | Reached XP level 10. HP: 58/97 MP: 14/14
  7902 | D:8      | Got an ebony whip
  7903 | D:8      | Identified the +1 whip of Tanlosche {flame, rC+ Str+4 Dex-3} (You found it on level 8 of the Dungeon)
  8710 | D:8      | Found an ancient bone altar of Kikubaaqudgha.
  8890 | D:9      | Reached ***** piety under Okawaru
  9530 | D:9      | Paralysed by a hornet for 2 turns
  9909 | D:9      | Paralysed by fainting for 6 turns
 10045 | D:9      | Found a burning altar of Makhleb.
 10045 | D:9      | Found a faded altar of an unknown god.
 10050 | D:9      | Found a shadowy altar of Dithmenos.
 10052 | D:9      | Found a faded altar of an unknown god.
 10054 | D:9      | Found a stormy altar of Qazlal.
 10177 | D:10     | Entered Level 10 of the Dungeon
 10179 | D:10     | Noticed a hill giant
 10196 | D:10     | Killed a hill giant
 10368 | D:10     | Reached skill level 10 in Bows
 10435 | D:10     | Noticed Azzok's ghost (journeyman MiFi)
 10482 | D:10     | Killed Azzok's ghost
 10482 | D:10     | Reached skill level 10 in Invocations
 10482 | D:10     | Reached XP level 11. HP: 23/104 MP: 12/17
 10511 | D:10     | HP: 2/104 [water moccasin (7)]
 10528 | D:10     | HP: 4/104 [water moccasin (2)]
 11316 | D:11     | Noticed a skeletal warrior
 11316 | D:11     | Noticed a skeletal warrior
 11316 | D:11     | Noticed a skeletal warrior
 11316 | D:11     | Noticed a skeletal warrior
 11483 | D:11     | Noticed a hill giant
 11508 | D:11     | Killed a hill giant
 11722 | D:11     | Found a staircase to the Lair.
 12222 | D:11     | Found a staircase to the Orcish Mines.
 12249 | D:11     | Received a gift from Okawaru
 12270 | D:11     | Received a gift from Okawaru
 12693 | D:11     | Noticed a skeletal warrior
 12716 | Lair:1   | Entered Level 1 of the Lair of Beasts
 13292 | Lair:1   | Received a gift from Okawaru
 13692 | Lair:1   | Noticed a seven-headed hydra
 13853 | Lair:1   | HP: 5/104 [seven-headed hydra (7)]
 13853 | Lair:1   | Mangled by a seven-headed hydra

Skill      XL: |  1  2  3  4  5  6  7  8  9 10 11 |
---------------+----------------------------------+-----
Fighting       | 4 5 7 8 9 11 12 | 12.0
Invocations    | 1 4 7 10 11 | 11.6
Bows           | 4 7 10 12 | 12.0
Long Blades    | |  2.4
Armour         | |  3.6
Shields        | |  3.6

Action                   |  1- 3 |  4- 6 |  7- 9 | 10-12 || total
-------------------------+-------+-------+-------+-------++-------
Melee: Long sword        |   111 |   125 |       |       ||   236
       Headbutt          |    14 |    15 |   136 |   136 ||   301
       Hand axe          |       |    21 |   549 |   412 ||   982
       Whip              |       |       |       |   130 ||   130
Invok: Heroism           |       |       |       |     5 ||     5
       Finesse           |       |       |       |     3 ||     3
Evoke: Wand              |       |       |       |     3 ||     3
  Use: Potion            |     1 |       |       |     2 ||     3
       Scroll            |       |       |     9 |     2 ||    11
  Eat: Chunk             |     3 |     6 |    15 |    20 ||    44
       Fruit             |       |       |     4 |     4 ||     8
Armor: Scale mail        |    62 |    64 |    56 |       ||   182
       Chain mail        |       |       |    22 |       ||    22
       Plate armour      |       |       |   252 |   339 ||   591
Dodge: Dodged            |    22 |    44 |   100 |    83 ||   249
Block: Shield            |    57 |    86 |   268 |   267 ||   678
       Rpst.: Long sword |     4 |    10 |       |       ||    14
